[ AOE2 MATCH · #474771476 ]
Team RMItalians vs Franks
[ REPLAY ANALYSIS · EXTRACTED FROM THE RECORDED GAME ]
Feudal
16:28
Castle
29:38
Imperial
44:09
| APM avg | 13.2 |
| APM peak | 25 |
| eAPM avg | 8.2 |
| Villagers / military | 74 / 36 |
Focus
⚔️ 22.1% · 🌾 77.9%
Genoese Crossbowman ×30 · Fishing Ship ×10 · Fire Galley ×6
Feudal
15:28
Castle
20:07
Imperial
36:58
| APM avg | 21.1 |
| APM peak | 44 |
| eAPM avg | 12.1 |
| Villagers / military | 82 / 101 |
Focus
⚔️ 34.5% · 🌾 65.5%
Spearman ×59 · Tarkan ×30 · Fishing Ship ×13 · Knight ×8 · Trebuchet (Packed) ×2 · Cavalry Archer ×2
Feudal
17:07
Castle
23:36
Imperial
36:19
| APM avg | 18.1 |
| APM peak | 35 |
| eAPM avg | 13.3 |
| Villagers / military | 114 / 95 |
Focus
⚔️ 28.2% · 🌾 71.8%
Scout Cavalry ×59 · Fishing Ship ×50 · Knight ×30 · Fire Galley ×6
Feudal
14:18
Castle
39:00
Imperial
—
| APM avg | 25.2 |
| APM peak | 57 |
| eAPM avg | 11.7 |
| Villagers / military | 104 / 23 |
Focus
⚔️ 27.8% · 🌾 72.2%
Scout Cavalry ×10 · Spearman ×8 · Battering Ram ×3 · Militia ×2
Feudal
16:19
Castle
43:41
Imperial
—
| APM avg | 36.2 |
| APM peak | 68 |
| eAPM avg | 18.6 |
| Villagers / military | 82 / 12 |
Focus
⚔️ 17.6% · 🌾 82.4%
Fishing Ship ×37 · Demolition Raft ×6 · Spearman ×4 · Transport Ship ×2
Feudal
15:50
Castle
19:45
Imperial
31:33
| APM avg | 30.9 |
| APM peak | 52 |
| eAPM avg | 19.0 |
| Villagers / military | 146 / 137 |
Focus
⚔️ 31.4% · 🌾 68.6%
Konnik ×123 · Fishing Ship ×16 · Trebuchet (Packed) ×12 · Knight ×2
Feudal
14:16
Castle
20:41
Imperial
36:47
| APM avg | 39.3 |
| APM peak | 63 |
| eAPM avg | 19.7 |
| Villagers / military | 131 / 123 |
Focus
⚔️ 28.9% · 🌾 71.1%
Knight ×62 · Scout Cavalry ×38 · Serjeant ×18 · Battering Ram ×4 · Mangonel ×1
Feudal
12:49
Castle
23:26
Imperial
—
| APM avg | 17.5 |
| APM peak | 45 |
| eAPM avg | 8.4 |
| Villagers / military | 66 / 20 |
Focus
⚔️ 17.3% · 🌾 82.7%
Galley ×10 · Fire Lancer ×6 · Fishing Ship ×5 · Unknown (2626) ×4 · Battering Ram ×3 · Rattan Archer ×1
Match map
Resources at game start + every placement click. Thick line = wall · dashed box = detected house wall. 🟡 gold · ⚪ stone · 🟢 berries · 🔶 boar · ⭕ relic
Inputs per minute
— 602406569 - - Banger
Build order — 602406569
First 150 of 216 actions detected
| 1:55 | Build | Town Center |
| 2:24 | Build | Town Center |
| 4:26 | Research | Loom |
| 4:27 | Create | Villager (Male) |
| 4:27 | Create | Villager (Male) |
| 4:28 | Create | Villager (Male) |
| 4:28 | Create | Villager (Male) |
| 4:28 | Create | Villager (Male) |
| 4:29 | Create | Villager (Male) |
| 4:29 | Create | Villager (Male) |
| 5:11 | Build | House |
| 5:14 | Build | House |
| 5:17 | Build | House |
| 5:20 | Build | House |
| 5:23 | Build | House |
| 5:27 | Build | House |
| 7:21 | Build | Dock |
| 8:07 | Create | Fishing Ship |
| 8:08 | Create | Fishing Ship |
| 8:08 | Create | Fishing Ship |
| 8:08 | Create | Fishing Ship |
| 8:48 | Create | Villager (Male) |
| 8:48 | Create | Villager (Male) |
| 8:48 | Create | Villager (Male) |
| 8:48 | Create | Villager (Male) |
| 9:23 | Create | Villager (Male) |
| 9:24 | Create | Villager (Male) |
| 9:24 | Create | Villager (Male) |
| 9:59 | Build | House |
| 10:03 | Build | House |
| 10:05 | Build | House |
| 10:08 | Build | House |
| 10:35 | Create | Villager (Male) |
| 10:35 | Create | Villager (Male) |
| 10:36 | Create | Villager (Male) |
| 10:36 | Create | Villager (Male) |
| 11:14 | Build | House |
| 11:40 | Build | Mill |
| 11:45 | Create | Villager (Male) |
| 11:45 | Create | Villager (Male) |
| 11:45 | Create | Villager (Male) |
| 11:46 | Create | Villager (Male) |
| 12:39 | Create | Villager (Male) |
| 12:39 | Create | Villager (Male) |
| 12:39 | Create | Villager (Male) |
| 13:01 | Build | Lumber Camp |
| 13:09 | Create | Fishing Ship |
| 13:09 | Create | Fishing Ship |
| 13:10 | Create | Fishing Ship |
| 13:55 | Build | Mining Camp |
| 14:18 | Research | Feudal Age |
| 14:59 | Create | Villager (Male) |
| 16:28 | Age | Feudal Age |
| 16:36 | Create | Fire Galley |
| 16:36 | Create | Fire Galley |
| 16:47 | Create | Villager (Male) |
| 16:47 | Create | Villager (Male) |
| 16:48 | Create | Villager (Male) |
| 16:48 | Create | Villager (Male) |
| 16:51 | Research | Double-Bit Axe |
| 17:08 | Build | Barracks |
| 18:12 | Create | Villager (Male) |
| 18:12 | Create | Villager (Male) |
| 18:28 | Build | Blacksmith |
| 18:45 | Build | Stone Wall |
| 19:27 | Build | Archery Range |
| 20:40 | Create | Fire Galley |
| 20:40 | Create | Fire Galley |
| 20:41 | Create | Fire Galley |
| 20:41 | Create | Fire Galley |
| 20:48 | Create | Villager (Male) |
| 20:49 | Create | Villager (Male) |
| 21:19 | Build | House |
| 22:14 | Build | Farm |
| 22:17 | Research | Horse Collar |
| 22:28 | Create | Fishing Ship |
| 22:28 | Create | Fishing Ship |
| 22:29 | Create | Fishing Ship |
| 22:52 | Build | House |
| 22:55 | Build | House |
| 22:56 | Build | House |
| 22:59 | Build | House |
| 23:01 | Build | House |
| 23:22 | Build | Farm |
| 23:24 | Build | Farm |
| 23:25 | Build | Farm |
| 23:28 | Build | Farm |
| 23:29 | Build | Farm |
| 23:32 | Build | Farm |
| 23:33 | Build | Farm |
| 23:35 | Build | Farm |
| 23:39 | Create | Villager (Male) |
| 23:40 | Create | Villager (Male) |
| 23:40 | Create | Villager (Male) |
| 23:40 | Create | Villager (Male) |
| 26:46 | Build | Mining Camp |
| 26:58 | Research | Castle Age |
| 28:34 | Create | Villager (Male) |
| 28:35 | Create | Villager (Male) |
| 29:03 | Research | Stone Mining |
| 29:04 | Research | Gold Mining |
| 29:38 | Age | Castle Age |
| 29:51 | Build | Castle |
| 29:56 | Create | Villager (Male) |
| 29:56 | Create | Villager (Male) |
| 29:56 | Create | Villager (Male) |
| 30:11 | Research | Forging |
| 30:34 | Build | Town Center |
| 30:51 | Create | Villager (Male) |
| 30:52 | Create | Villager (Male) |
| 31:15 | Build | House |
| 31:16 | Build | House |
| 31:18 | Build | House |
| 31:19 | Build | House |
| 31:22 | Build | House |
| 32:20 | Create | Genoese Crossbowman |
| 32:21 | Create | Genoese Crossbowman |
| 32:21 | Create | Genoese Crossbowman |
| 32:21 | Create | Genoese Crossbowman |
| 32:21 | Create | Genoese Crossbowman |
| 32:22 | Create | Genoese Crossbowman |
| 32:22 | Create | Genoese Crossbowman |
| 32:22 | Create | Genoese Crossbowman |
| 32:23 | Create | Genoese Crossbowman |
| 32:41 | Research | Thumb Ring |
| 32:57 | Build | Farm |
| 32:58 | Build | Farm |
| 33:00 | Build | Farm |
| 33:02 | Build | Farm |
| 33:03 | Build | Farm |
| 33:05 | Build | Farm |
| 33:15 | Create | Villager (Male) |
| 33:15 | Create | Villager (Male) |
| 33:16 | Create | Villager (Male) |
| 34:12 | Build | Mining Camp |
| 34:18 | Create | Villager (Male) |
| 34:18 | Create | Villager (Male) |
| 34:19 | Create | Villager (Male) |
| 34:19 | Create | Villager (Male) |
| 35:18 | Research | Squires |
| 35:44 | Create | Villager (Male) |
| 35:44 | Create | Villager (Male) |
| 35:45 | Create | Villager (Male) |
| 36:00 | Create | Genoese Crossbowman |
| 36:01 | Create | Genoese Crossbowman |
| 36:01 | Create | Genoese Crossbowman |
| 36:01 | Create | Genoese Crossbowman |
| 36:01 | Create | Genoese Crossbowman |
| 36:02 | Create | Genoese Crossbowman |
| 37:12 | Build | Lumber Camp |
Build order — Banger
First 150 of 293 actions detected
| 0:43 | Build | Town Center |
| 3:08 | Create | Villager (Male) |
| 3:08 | Create | Villager (Male) |
| 3:08 | Create | Villager (Male) |
| 3:09 | Create | Villager (Male) |
| 4:23 | Create | Villager (Male) |
| 4:23 | Create | Villager (Male) |
| 5:00 | Create | Villager (Male) |
| 5:30 | Create | Villager (Male) |
| 5:31 | Create | Villager (Male) |
| 5:38 | Build | Dock |
| 5:51 | Research | Loom |
| 6:29 | Create | Fishing Ship |
| 6:36 | Create | Villager (Male) |
| 6:37 | Create | Villager (Male) |
| 7:02 | Create | Villager (Male) |
| 7:03 | Create | Villager (Male) |
| 7:15 | Create | Fishing Ship |
| 7:40 | Create | Villager (Male) |
| 7:48 | Create | Fishing Ship |
| 8:04 | Create | Villager (Male) |
| 8:04 | Create | Villager (Male) |
| 8:18 | Create | Fishing Ship |
| 8:26 | Create | Villager (Male) |
| 8:40 | Create | Fishing Ship |
| 9:25 | Create | Villager (Male) |
| 9:25 | Create | Villager (Male) |
| 9:26 | Create | Villager (Male) |
| 9:30 | Create | Fishing Ship |
| 9:31 | Create | Fishing Ship |
| 10:20 | Create | Villager (Male) |
| 10:20 | Create | Villager (Male) |
| 10:45 | Create | Fishing Ship |
| 10:50 | Build | Mining Camp |
| 11:22 | Create | Villager (Male) |
| 11:23 | Create | Villager (Male) |
| 11:28 | Create | Fishing Ship |
| 12:06 | Create | Villager (Male) |
| 12:36 | Create | Fishing Ship |
| 12:42 | Create | Fishing Ship |
| 12:52 | Create | Villager (Male) |
| 13:18 | Research | Feudal Age |
| 13:18 | Research | Feudal Age |
| 13:24 | Build | Mill |
| 13:32 | Create | Fishing Ship |
| 14:02 | Create | Villager (Male) |
| 14:02 | Create | Villager (Male) |
| 14:24 | Create | Fishing Ship |
| 15:28 | Age | Feudal Age |
| 15:49 | Build | Market |
| 15:54 | Build | Blacksmith |
| 16:18 | Build | Mining Camp |
| 16:24 | Create | Villager (Male) |
| 16:24 | Create | Villager (Male) |
| 17:16 | Build | Lumber Camp |
| 17:23 | Build | Barracks |
| 17:27 | Research | Castle Age |
| 17:55 | Research | Scale Barding Armor |
| 17:55 | Research | Forging |
| 18:25 | Build | Stable |
| 18:29 | Build | Stable |
| 19:09 | Research | Bloodlines |
| 20:07 | Age | Castle Age |
| 20:09 | Create | Knight |
| 20:09 | Create | Knight |
| 20:09 | Create | Knight |
| 20:10 | Create | Knight |
| 20:10 | Create | Knight |
| 20:10 | Create | Knight |
| 20:10 | Create | Knight |
| 20:11 | Create | Knight |
| 20:23 | Create | Villager (Male) |
| 21:14 | Build | Town Center |
| 21:18 | Create | Villager (Male) |
| 21:18 | Create | Villager (Male) |
| 21:34 | Research | Iron Casting |
| 22:14 | Create | Villager (Male) |
| 22:14 | Create | Villager (Male) |
| 23:33 | Create | Villager (Male) |
| 23:33 | Create | Villager (Male) |
| 23:46 | Create | Villager (Male) |
| 23:46 | Create | Villager (Male) |
| 23:50 | Research | Horse Collar |
| 23:57 | Build | Farm |
| 23:58 | Build | Farm |
| 23:59 | Build | Farm |
| 24:01 | Build | Farm |
| 24:02 | Build | Farm |
| 24:03 | Build | Farm |
| 24:05 | Build | Farm |
| 24:11 | Build | Farm |
| 24:12 | Build | Farm |
| 24:14 | Build | Farm |
| 24:15 | Build | Farm |
| 24:18 | Build | Farm |
| 24:21 | Create | Villager (Male) |
| 24:28 | Research | Double-Bit Axe |
| 24:53 | Research | Husbandry |
| 25:17 | Build | Castle |
| 26:04 | Research | Chain Barding Armor |
| 26:58 | Research | Stone Mining |
| 26:59 | Research | Gold Mining |
| 27:04 | Create | Villager (Male) |
| 27:17 | Build | Mill |
| 27:21 | Research | Wheelbarrow |
| 27:22 | Create | Villager (Male) |
| 27:23 | Create | Villager (Male) |
| 27:23 | Create | Villager (Male) |
| 28:03 | Build | Farm |
| 28:04 | Build | Farm |
| 28:05 | Build | Farm |
| 28:06 | Build | Farm |
| 28:07 | Build | Farm |
| 28:08 | Build | Farm |
| 28:12 | Create | Villager (Male) |
| 28:17 | Create | Villager (Male) |
| 29:12 | Create | Spearman |
| 29:12 | Create | Spearman |
| 29:12 | Create | Spearman |
| 29:13 | Create | Spearman |
| 29:13 | Create | Spearman |
| 29:28 | Research | Hand Cart |
| 29:46 | Create | Villager (Male) |
| 29:46 | Create | Villager (Male) |
| 29:46 | Create | Villager (Male) |
| 29:48 | Build | Farm |
| 30:04 | Create | Tarkan |
| 30:04 | Create | Tarkan |
| 30:04 | Create | Tarkan |
| 30:04 | Create | Tarkan |
| 30:26 | Build | Town Center |
| 30:43 | Create | Villager (Male) |
| 30:43 | Create | Villager (Male) |
| 30:52 | Build | Farm |
| 30:56 | Research | Pikeman (upgrade) |
| 30:57 | Create | Spearman |
| 30:57 | Create | Spearman |
| 30:57 | Create | Spearman |
| 31:06 | Research | Scale Mail Armor |
| 31:24 | Research | Heavy Plow |
| 31:41 | Create | Villager (Male) |
| 31:41 | Create | Villager (Male) |
| 31:41 | Create | Villager (Male) |
| 31:41 | Create | Villager (Male) |
| 31:41 | Create | Villager (Male) |
| 32:25 | Create | Spearman |
| 32:25 | Create | Spearman |
| 32:25 | Create | Spearman |
| 32:25 | Create | Spearman |
| 32:26 | Create | Spearman |
Build order — 房东四十
First 150 of 380 actions detected
| 0:19 | Build | Town Center |
| 2:35 | Build | House |
| 2:40 | Create | Villager (Male) |
| 2:40 | Create | Villager (Male) |
| 2:41 | Create | Villager (Male) |
| 2:41 | Create | Villager (Male) |
| 2:58 | Build | House |
| 3:45 | Create | Villager (Male) |
| 4:38 | Create | Villager (Male) |
| 5:15 | Create | Villager (Male) |
| 5:16 | Create | Villager (Male) |
| 5:42 | Create | Villager (Male) |
| 6:08 | Create | Villager (Male) |
| 6:37 | Create | Villager (Male) |
| 6:37 | Create | Villager (Male) |
| 6:40 | Create | Villager (Male) |
| 6:59 | Build | Mill |
| 7:07 | Build | House |
| 7:12 | Build | Mill |
| 7:17 | Create | Villager (Male) |
| 7:18 | Create | Villager (Male) |
| 7:44 | Create | Villager (Male) |
| 7:45 | Create | Villager (Male) |
| 7:45 | Create | Villager (Male) |
| 7:49 | Build | House |
| 9:07 | Create | Villager (Male) |
| 9:27 | Create | Villager (Male) |
| 9:35 | Build | Mill |
| 9:47 | Create | Villager (Male) |
| 10:09 | Create | Villager (Male) |
| 10:10 | Create | Villager (Male) |
| 10:42 | Build | Dock |
| 10:57 | Build | Lumber Camp |
| 11:12 | Create | Villager (Male) |
| 11:14 | Create | Villager (Male) |
| 11:14 | Create | Villager (Male) |
| 11:14 | Create | Villager (Male) |
| 11:25 | Build | House |
| 11:29 | Create | Fishing Ship |
| 11:30 | Create | Fishing Ship |
| 11:31 | Create | Fishing Ship |
| 11:33 | Create | Fishing Ship |
| 12:00 | Build | House |
| 12:05 | Build | House |
| 12:43 | Build | Mill |
| 12:52 | Build | Mining Camp |
| 12:59 | Create | Villager (Male) |
| 12:59 | Create | Villager (Male) |
| 13:19 | Build | Barracks |
| 13:29 | Create | Fishing Ship |
| 13:41 | Build | House |
| 13:43 | Build | House |
| 13:49 | Create | Villager (Male) |
| 13:54 | Create | Fishing Ship |
| 14:16 | Create | Villager (Male) |
| 14:24 | Create | Fishing Ship |
| 14:34 | Build | House |
| 14:43 | Build | House |
| 14:57 | Research | Feudal Age |
| 15:22 | Create | Fishing Ship |
| 16:33 | Build | Dock |
| 16:39 | Create | Fishing Ship |
| 16:40 | Create | Fishing Ship |
| 16:40 | Create | Fishing Ship |
| 16:42 | Create | Fishing Ship |
| 16:44 | Create | Villager (Male) |
| 17:07 | Age | Feudal Age |
| 17:09 | Research | Double-Bit Axe |
| 17:15 | Build | Market |
| 17:23 | Build | Blacksmith |
| 17:30 | Build | Stable |
| 17:36 | Research | Tech 906 |
| 17:45 | Create | Fishing Ship |
| 17:47 | Create | Fishing Ship |
| 17:47 | Create | Fishing Ship |
| 17:50 | Research | Wheelbarrow |
| 17:58 | Create | Villager (Male) |
| 17:59 | Research | Gold Mining |
| 18:15 | Build | Lumber Camp |
| 18:32 | Create | Fire Galley |
| 18:34 | Create | Fire Galley |
| 18:35 | Create | Fire Galley |
| 19:12 | Create | Villager (Male) |
| 19:22 | Create | Fire Galley |
| 19:33 | Build | Dock |
| 19:37 | Create | Villager (Male) |
| 20:44 | Build | Dock |
| 20:56 | Research | Castle Age |
| 21:11 | Create | Fire Galley |
| 21:11 | Create | Fire Galley |
| 21:17 | Research | Forging |
| 21:18 | Research | Scale Barding Armor |
| 21:53 | Build | House |
| 22:02 | Create | Fishing Ship |
| 22:03 | Create | Fishing Ship |
| 22:05 | Create | Fishing Ship |
| 22:05 | Create | Fishing Ship |
| 22:08 | Create | Fishing Ship |
| 22:08 | Create | Fishing Ship |
| 22:08 | Create | Fishing Ship |
| 22:37 | Build | House |
| 22:48 | Create | Fishing Ship |
| 22:48 | Create | Fishing Ship |
| 22:48 | Create | Fishing Ship |
| 22:49 | Create | Fishing Ship |
| 22:49 | Create | Fishing Ship |
| 22:55 | Create | Fishing Ship |
| 22:55 | Create | Fishing Ship |
| 22:56 | Create | Fishing Ship |
| 22:56 | Create | Fishing Ship |
| 22:56 | Create | Fishing Ship |
| 23:15 | Build | House |
| 23:18 | Build | House |
| 23:21 | Create | Villager (Male) |
| 23:22 | Create | Villager (Male) |
| 23:24 | Research | Scale Barding Armor |
| 23:36 | Age | Castle Age |
| 23:38 | Create | Knight |
| 23:38 | Create | Knight |
| 23:41 | Build | Town Center |
| 23:45 | Research | Gold Shaft Mining |
| 24:00 | Research | Iron Casting |
| 24:05 | Research | Gillnets |
| 24:09 | Research | War Galley (upgrade) |
| 24:22 | Build | House |
| 24:24 | Build | House |
| 24:25 | Build | House |
| 24:26 | Build | House |
| 24:37 | Create | Villager (Male) |
| 24:37 | Create | Villager (Male) |
| 24:40 | Research | Husbandry |
| 24:45 | Create | Villager (Male) |
| 24:55 | Create | Fishing Ship |
| 24:55 | Create | Fishing Ship |
| 24:59 | Build | House |
| 25:13 | Research | Hand Cart |
| 25:25 | Create | Villager (Male) |
| 25:38 | Build | House |
| 25:42 | Build | House |
| 25:48 | Build | Mill |
| 25:59 | Create | Villager (Male) |
| 26:00 | Create | Villager (Male) |
| 26:01 | Create | Knight |
| 26:03 | Create | Knight |
| 26:10 | Create | Fishing Ship |
| 26:10 | Create | Fishing Ship |
| 26:10 | Create | Fishing Ship |
| 26:13 | Create | Fishing Ship |
| 26:13 | Create | Fishing Ship |
| 26:13 | Create | Fishing Ship |
Build order — Agustinfz_
First 150 of 241 actions detected
| 0:25 | Build | Town Center |
| 0:54 | Build | Palisade Wall |
| 1:09 | Build | House |
| 1:48 | Build | House |
| 2:45 | Create | Villager (Male) |
| 2:45 | Create | Villager (Male) |
| 2:46 | Create | Villager (Male) |
| 3:04 | Create | Villager (Male) |
| 3:04 | Create | Villager (Male) |
| 3:35 | Create | Villager (Male) |
| 3:35 | Create | Villager (Male) |
| 4:31 | Build | House |
| 4:37 | Build | House |
| 4:43 | Create | Villager (Male) |
| 4:44 | Create | Villager (Male) |
| 5:21 | Build | Mill |
| 5:54 | Create | Villager (Male) |
| 5:55 | Create | Villager (Male) |
| 5:55 | Create | Villager (Male) |
| 5:55 | Create | Villager (Male) |
| 6:51 | Create | Villager (Male) |
| 6:52 | Create | Villager (Male) |
| 7:29 | Create | Villager (Male) |
| 7:30 | Create | Villager (Male) |
| 7:48 | Create | Villager (Male) |
| 8:49 | Create | Villager (Male) |
| 9:02 | Build | Lumber Camp |
| 9:20 | Build | House |
| 9:22 | Build | Palisade Wall |
| 9:25 | Create | Villager (Male) |
| 9:25 | Create | Villager (Male) |
| 10:22 | Create | Villager (Male) |
| 10:23 | Create | Villager (Male) |
| 10:50 | Research | Loom |
| 10:50 | Create | Villager (Male) |
| 11:49 | Build | Outpost |
| 11:56 | Build | Palisade Wall |
| 12:04 | Build | Outpost |
| 12:08 | Research | Feudal Age |
| 12:15 | Build | Mining Camp |
| 13:15 | Build | House |
| 13:17 | Create | Villager (Male) |
| 14:18 | Age | Feudal Age |
| 14:23 | Build | Watch Tower |
| 14:27 | Build | Watch Tower |
| 14:41 | Create | Villager (Male) |
| 14:42 | Create | Villager (Male) |
| 14:51 | Build | Watch Tower |
| 15:05 | Build | Barracks |
| 15:08 | Build | Palisade Wall |
| 15:54 | Create | Militia |
| 15:54 | Create | Militia |
| 15:57 | Build | Lumber Camp |
| 16:11 | Create | Villager (Male) |
| 16:11 | Create | Villager (Male) |
| 16:34 | Create | Villager (Male) |
| 16:34 | Create | Villager (Male) |
| 17:12 | Build | Watch Tower |
| 17:51 | Create | Villager (Male) |
| 17:52 | Create | Villager (Male) |
| 18:02 | Build | House |
| 18:41 | Build | Farm |
| 18:41 | Build | Farm |
| 18:41 | Build | Farm |
| 18:57 | Build | Watch Tower |
| 20:42 | Build | Watch Tower |
| 20:58 | Create | Villager (Male) |
| 20:58 | Create | Villager (Male) |
| 22:08 | Build | Watch Tower |
| 23:09 | Build | Outpost |
| 23:26 | Build | Farm |
| 23:46 | Build | Watch Tower |
| 24:02 | Create | Villager (Male) |
| 24:02 | Create | Villager (Male) |
| 24:02 | Create | Villager (Male) |
| 25:34 | Build | Watch Tower |
| 25:49 | Create | Villager (Male) |
| 25:49 | Create | Villager (Male) |
| 25:50 | Create | Villager (Male) |
| 26:38 | Build | Farm |
| 26:38 | Build | Farm |
| 26:39 | Build | Farm |
| 26:39 | Build | Farm |
| 27:53 | Create | Villager (Male) |
| 27:54 | Create | Villager (Male) |
| 27:54 | Create | Villager (Male) |
| 28:42 | Build | Mill |
| 28:43 | Build | Farm |
| 28:44 | Build | Farm |
| 28:44 | Build | Farm |
| 28:44 | Build | Farm |
| 28:44 | Build | Farm |
| 28:45 | Build | Farm |
| 28:45 | Build | Farm |
| 28:45 | Build | Farm |
| 29:11 | Build | Farm |
| 29:44 | Build | Farm |
| 29:52 | Create | Spearman |
| 29:52 | Create | Spearman |
| 29:52 | Create | Spearman |
| 29:53 | Create | Spearman |
| 29:55 | Create | Villager (Male) |
| 29:55 | Create | Villager (Male) |
| 29:59 | Build | House |
| 30:05 | Build | House |
| 30:32 | Build | House |
| 30:39 | Build | Blacksmith |
| 30:49 | Build | Palisade Wall |
| 31:08 | Build | Farm |
| 31:22 | Build | Market |
| 31:24 | Build | Palisade Wall |
| 31:52 | Build | House |
| 31:57 | Build | Stone Wall |
| 32:06 | Build | House |
| 32:09 | Build | House |
| 32:33 | Create | Villager (Male) |
| 32:34 | Create | Villager (Male) |
| 32:34 | Create | Villager (Male) |
| 32:44 | Research | Double-Bit Axe |
| 32:44 | Research | Double-Bit Axe |
| 32:59 | Build | Stone Wall |
| 33:06 | Build | House |
| 33:14 | Build | House |
| 33:30 | Create | Villager (Male) |
| 33:30 | Create | Villager (Male) |
| 33:36 | Build | Mill |
| 33:37 | Build | Farm |
| 33:37 | Build | Farm |
| 33:38 | Build | Farm |
| 33:38 | Build | Farm |
| 33:38 | Build | Farm |
| 33:38 | Build | Farm |
| 34:06 | Build | Palisade Wall |
| 34:12 | Build | House |
| 34:14 | Build | House |
| 34:23 | Build | Farm |
| 34:25 | Research | Horse Collar |
| 34:36 | Create | Villager (Male) |
| 34:45 | Build | Lumber Camp |
| 34:54 | Build | Farm |
| 34:56 | Build | Farm |
| 34:59 | Create | Villager (Male) |
| 35:07 | Build | Farm |
| 35:08 | Create | Villager (Male) |
| 35:42 | Create | Villager (Male) |
| 35:47 | Build | Farm |
| 36:13 | Build | Farm |
| 36:20 | Research | Castle Age |
| 36:50 | Create | Spearman |
| 36:50 | Create | Spearman |
Build order — 你过来啊
First 150 of 216 actions detected
| 1:15 | Build | House |
| 1:32 | Build | Dock |
| 2:51 | Build | Town Center |
| 5:22 | Create | Villager (Male) |
| 5:23 | Create | Villager (Male) |
| 5:23 | Create | Villager (Male) |
| 5:24 | Create | Villager (Male) |
| 5:24 | Create | Villager (Male) |
| 5:24 | Create | Villager (Male) |
| 6:28 | Create | Villager (Male) |
| 6:28 | Create | Villager (Male) |
| 7:09 | Build | House |
| 7:13 | Create | Villager (Male) |
| 7:13 | Create | Villager (Male) |
| 7:34 | Create | Fishing Ship |
| 7:37 | Create | Villager (Male) |
| 7:37 | Create | Villager (Male) |
| 8:09 | Build | House |
| 8:18 | Create | Villager (Male) |
| 8:56 | Create | Villager (Male) |
| 9:21 | Build | House |
| 9:26 | Create | Villager (Male) |
| 9:59 | Create | Villager (Male) |
| 10:00 | Create | Villager (Male) |
| 10:16 | Build | Mill |
| 10:18 | Create | Villager (Male) |
| 10:30 | Create | Fishing Ship |
| 10:33 | Create | Villager (Male) |
| 10:48 | Create | Villager (Male) |
| 11:03 | Build | Palisade Wall |
| 11:10 | Create | Villager (Male) |
| 11:17 | Create | Fishing Ship |
| 11:23 | Build | House |
| 11:56 | Create | Fishing Ship |
| 12:12 | Create | Villager (Male) |
| 12:37 | Build | Mining Camp |
| 12:42 | Create | Villager (Male) |
| 12:45 | Research | Loom |
| 12:57 | Create | Villager (Male) |
| 12:59 | Create | Villager (Male) |
| 13:13 | Create | Villager (Male) |
| 13:22 | Create | Fishing Ship |
| 13:31 | Build | Palisade Wall |
| 14:06 | Research | Feudal Age |
| 14:26 | Create | Villager (Male) |
| 14:50 | Build | Lumber Camp |
| 15:06 | Create | Villager (Male) |
| 15:51 | Build | House |
| 15:53 | Build | Palisade Wall |
| 16:04 | Create | Villager (Male) |
| 16:19 | Age | Feudal Age |
| 16:24 | Create | Villager (Male) |
| 16:25 | Create | Villager (Male) |
| 16:32 | Build | Watch Tower |
| 16:43 | Create | Villager (Male) |
| 16:43 | Create | Villager (Male) |
| 16:52 | Build | Watch Tower |
| 17:03 | Create | Villager (Male) |
| 17:20 | Create | Demolition Raft |
| 17:20 | Create | Demolition Raft |
| 17:31 | Build | Watch Tower |
| 18:25 | Create | Villager (Male) |
| 18:25 | Create | Villager (Male) |
| 18:50 | Build | Lumber Camp |
| 18:58 | Create | Villager (Male) |
| 19:01 | Create | Demolition Raft |
| 19:02 | Create | Demolition Raft |
| 19:09 | Create | Fishing Ship |
| 19:10 | Create | Fishing Ship |
| 19:10 | Create | Fishing Ship |
| 19:45 | Build | Barracks |
| 19:48 | Create | Villager (Male) |
| 20:02 | Create | Villager (Male) |
| 20:09 | Build | Mining Camp |
| 20:18 | Create | Villager (Male) |
| 20:22 | Build | House |
| 20:28 | Build | House |
| 21:48 | Create | Villager (Male) |
| 21:49 | Create | Villager (Male) |
| 22:06 | Create | Transport Ship |
| 22:06 | Create | Transport Ship |
| 22:26 | Build | Lumber Camp |
| 22:27 | Create | Villager (Male) |
| 22:27 | Create | Villager (Male) |
| 22:48 | Build | Lumber Camp |
| 22:53 | Build | House |
| 22:56 | Build | House |
| 22:59 | Build | House |
| 23:02 | Build | House |
| 23:05 | Create | Spearman |
| 23:05 | Create | Spearman |
| 23:16 | Build | Market |
| 23:27 | Build | Blacksmith |
| 23:30 | Build | House |
| 23:36 | Create | Spearman |
| 24:02 | Create | Villager (Male) |
| 24:11 | Build | Watch Tower |
| 24:24 | Create | Villager (Male) |
| 24:24 | Create | Villager (Male) |
| 24:32 | Build | House |
| 24:37 | Build | House |
| 25:03 | Create | Villager (Male) |
| 25:03 | Create | Villager (Male) |
| 25:24 | Create | Spearman |
| 25:33 | Build | Palisade Wall |
| 26:00 | Create | Villager (Male) |
| 26:33 | Build | House |
| 26:43 | Build | Palisade Wall |
| 26:53 | Research | Town Watch |
| 28:39 | Build | Town Center |
| 31:07 | Create | Villager (Male) |
| 31:07 | Create | Villager (Male) |
| 31:07 | Create | Villager (Male) |
| 33:03 | Create | Villager (Male) |
| 33:03 | Create | Villager (Male) |
| 33:18 | Research | Tech 906 |
| 33:36 | Build | Lumber Camp |
| 33:54 | Create | Villager (Male) |
| 33:54 | Create | Villager (Male) |
| 34:08 | Create | Demolition Raft |
| 34:27 | Create | Villager (Male) |
| 34:36 | Research | Double-Bit Axe |
| 34:55 | Build | Dock |
| 34:58 | Create | Villager (Male) |
| 35:12 | Research | Tech 906 |
| 35:30 | Create | Villager (Male) |
| 35:35 | Create | Fishing Ship |
| 35:35 | Create | Fishing Ship |
| 35:35 | Create | Fishing Ship |
| 35:46 | Create | Villager (Male) |
| 36:06 | Build | Lumber Camp |
| 36:23 | Create | Villager (Male) |
| 36:26 | Create | Fishing Ship |
| 36:26 | Create | Fishing Ship |
| 36:27 | Create | Fishing Ship |
| 36:33 | Build | House |
| 36:41 | Create | Villager (Male) |
| 37:00 | Create | Villager (Male) |
| 37:09 | Build | House |
| 37:13 | Build | Palisade Wall |
| 37:16 | Build | Palisade Wall |
| 37:22 | Build | Palisade Wall |
| 37:27 | Create | Demolition Raft |
| 37:32 | Create | Fishing Ship |
| 37:32 | Create | Fishing Ship |
| 37:34 | Create | Villager (Male) |
| 37:40 | Build | Palisade Wall |
| 38:04 | Create | Villager (Male) |
| 38:04 | Create | Villager (Male) |
| 38:08 | Create | Fishing Ship |
Build order — zzx
First 150 of 477 actions detected
| 0:24 | Build | House |
| 0:41 | Build | Town Center |
| 2:50 | Build | Dock |
| 3:01 | Create | Villager (Male) |
| 3:02 | Create | Villager (Male) |
| 3:02 | Create | Villager (Male) |
| 3:39 | Create | Villager (Male) |
| 3:58 | Create | Fishing Ship |
| 4:32 | Build | House |
| 4:46 | Research | Loom |
| 5:12 | Create | Villager (Male) |
| 5:13 | Create | Villager (Male) |
| 5:18 | Create | Villager (Male) |
| 5:58 | Create | Villager (Male) |
| 5:58 | Create | Villager (Male) |
| 6:00 | Create | Fishing Ship |
| 6:19 | Build | House |
| 6:42 | Create | Villager (Male) |
| 7:03 | Create | Villager (Male) |
| 7:04 | Create | Villager (Male) |
| 7:11 | Create | Villager (Male) |
| 7:11 | Create | Villager (Male) |
| 7:16 | Create | Fishing Ship |
| 7:16 | Create | Fishing Ship |
| 7:48 | Build | House |
| 7:51 | Create | Villager (Male) |
| 8:00 | Create | Villager (Male) |
| 8:04 | Create | Fishing Ship |
| 8:40 | Create | Villager (Male) |
| 8:42 | Build | House |
| 8:50 | Create | Fishing Ship |
| 8:51 | Create | Villager (Male) |
| 9:12 | Create | Villager (Male) |
| 9:25 | Build | House |
| 9:27 | Build | House |
| 9:34 | Create | Fishing Ship |
| 9:37 | Create | Villager (Male) |
| 9:55 | Create | Fishing Ship |
| 10:06 | Build | House |
| 10:31 | Create | Villager (Male) |
| 10:37 | Create | Fishing Ship |
| 10:40 | Build | House |
| 10:55 | Create | Villager (Male) |
| 11:06 | Build | Dock |
| 11:11 | Create | Villager (Male) |
| 11:16 | Create | Villager (Male) |
| 11:24 | Create | Villager (Male) |
| 11:38 | Build | Mining Camp |
| 11:40 | Create | Fishing Ship |
| 11:42 | Create | Villager (Male) |
| 12:02 | Create | Villager (Male) |
| 12:07 | Build | House |
| 12:08 | Create | Villager (Male) |
| 12:15 | Create | Villager (Male) |
| 12:25 | Create | Villager (Male) |
| 12:30 | Create | Fishing Ship |
| 12:37 | Build | Lumber Camp |
| 12:42 | Create | Villager (Male) |
| 12:49 | Build | House |
| 12:50 | Create | Villager (Male) |
| 12:56 | Create | Fishing Ship |
| 12:59 | Create | Villager (Male) |
| 13:04 | Create | Villager (Male) |
| 13:32 | Build | House |
| 13:39 | Research | Feudal Age |
| 14:08 | Create | Villager (Male) |
| 14:22 | Build | Mill |
| 14:24 | Create | Fishing Ship |
| 14:24 | Create | Fishing Ship |
| 14:27 | Create | Villager (Male) |
| 14:30 | Create | Villager (Male) |
| 14:50 | Build | House |
| 15:01 | Create | Villager (Male) |
| 15:50 | Age | Feudal Age |
| 15:55 | Build | Market |
| 16:01 | Build | Blacksmith |
| 16:13 | Build | Blacksmith |
| 16:16 | Create | Villager (Male) |
| 16:19 | Create | Villager (Male) |
| 16:33 | Build | Stone Wall |
| 16:36 | Build | Stone Wall |
| 16:39 | Create | Villager (Male) |
| 16:44 | Research | Double-Bit Axe |
| 17:02 | Research | Castle Age |
| 17:11 | Research | Stone Mining |
| 17:11 | Research | Gold Mining |
| 17:19 | Build | Barracks |
| 17:24 | Research | Tech 906 |
| 18:20 | Research | Gold Mining |
| 18:37 | Build | Stable |
| 18:49 | Build | Stone Wall |
| 18:51 | Build | Stone Wall |
| 18:55 | Build | Stone Wall |
| 19:01 | Build | Stone Wall |
| 19:04 | Build | Stone Wall |
| 19:07 | Build | Stone Wall |
| 19:10 | Create | Villager (Male) |
| 19:24 | Build | Stone Wall |
| 19:45 | Age | Castle Age |
| 19:51 | Research | Gillnets |
| 19:52 | Create | Villager (Male) |
| 20:12 | Create | Knight |
| 20:20 | Create | Villager (Male) |
| 20:23 | Research | Bow Saw |
| 20:30 | Create | Villager (Male) |
| 20:39 | Build | Town Center |
| 20:56 | Build | Dock |
| 21:27 | Build | Town Center |
| 21:30 | Create | Villager (Male) |
| 21:37 | Create | Villager (Male) |
| 21:52 | Create | Villager (Male) |
| 21:59 | Build | Castle |
| 22:05 | Create | Villager (Male) |
| 22:12 | Create | Fishing Ship |
| 22:12 | Create | Fishing Ship |
| 22:14 | Create | Villager (Male) |
| 22:36 | Build | Building 673 |
| 22:39 | Create | Villager (Male) |
| 22:51 | Build | Stone Wall |
| 22:56 | Build | Building 490 |
| 22:57 | Create | Villager (Male) |
| 23:02 | Create | Villager (Male) |
| 23:04 | Research | Horse Collar |
| 23:27 | Create | Knight |
| 23:31 | Create | Konnik |
| 23:35 | Create | Konnik |
| 23:37 | Create | Villager (Male) |
| 23:38 | Create | Villager (Male) |
| 23:41 | Research | Wheelbarrow |
| 23:45 | Research | Heavy Plow |
| 24:00 | Create | Villager (Male) |
| 24:01 | Create | Villager (Male) |
| 24:01 | Create | Villager (Male) |
| 24:27 | Create | Villager (Male) |
| 24:48 | Build | Farm |
| 24:49 | Build | Farm |
| 24:49 | Build | Farm |
| 24:49 | Build | Farm |
| 24:49 | Build | Farm |
| 24:50 | Build | Farm |
| 24:50 | Build | Farm |
| 24:50 | Build | Farm |
| 24:51 | Build | Farm |
| 24:52 | Build | Farm |
| 24:53 | Build | Farm |
| 24:55 | Build | Farm |
| 24:56 | Build | Farm |
| 24:58 | Build | Farm |
| 25:00 | Create | Villager (Male) |
| 25:03 | Build | Lumber Camp |
Build order — 貌似中山靖王之后
First 150 of 420 actions detected
| 0:26 | Build | Town Center |
| 1:51 | Build | House |
| 2:17 | Build | House |
| 3:04 | Create | Villager (Male) |
| 3:05 | Create | Villager (Male) |
| 3:05 | Create | Villager (Male) |
| 3:05 | Create | Villager (Male) |
| 3:05 | Create | Villager (Male) |
| 3:05 | Create | Villager (Male) |
| 4:32 | Create | Villager (Male) |
| 4:33 | Create | Villager (Male) |
| 4:33 | Create | Villager (Male) |
| 5:40 | Build | Mill |
| 5:50 | Research | Loom |
| 5:50 | Research | Loom |
| 5:57 | Create | Villager (Male) |
| 5:57 | Create | Villager (Male) |
| 5:58 | Create | Villager (Male) |
| 6:45 | Create | Villager (Male) |
| 6:46 | Create | Villager (Male) |
| 7:54 | Create | Villager (Male) |
| 7:55 | Create | Villager (Male) |
| 8:04 | Build | House |
| 8:40 | Create | Villager (Male) |
| 8:41 | Create | Villager (Male) |
| 9:24 | Create | Villager (Male) |
| 9:33 | Create | Villager (Male) |
| 9:54 | Create | Villager (Male) |
| 10:32 | Create | Villager (Male) |
| 10:36 | Build | House |
| 10:45 | Build | House |
| 11:04 | Build | Lumber Camp |
| 11:09 | Create | Villager (Male) |
| 11:15 | Create | Villager (Male) |
| 11:15 | Create | Villager (Male) |
| 11:57 | Build | Palisade Wall |
| 12:06 | Research | Feudal Age |
| 12:07 | Research | Feudal Age |
| 12:07 | Create | Villager (Male) |
| 12:34 | Build | Donjon |
| 13:09 | Build | Farm |
| 13:24 | Build | House |
| 14:00 | Build | Farm |
| 14:04 | Build | Farm |
| 14:16 | Age | Feudal Age |
| 14:22 | Build | Stable |
| 14:36 | Build | Palisade Wall |
| 14:44 | Create | Villager (Male) |
| 15:05 | Build | Blacksmith |
| 15:12 | Build | Farm |
| 15:17 | Create | Scout Cavalry |
| 15:24 | Build | Palisade Wall |
| 15:33 | Build | Farm |
| 15:46 | Create | Scout Cavalry |
| 16:01 | Create | Villager (Male) |
| 16:04 | Research | Double-Bit Axe |
| 16:04 | Research | Double-Bit Axe |
| 16:13 | Build | Palisade Wall |
| 16:15 | Build | Palisade Gate |
| 16:19 | Build | House |
| 16:25 | Create | Villager (Male) |
| 16:45 | Create | Villager (Male) |
| 17:02 | Build | Farm |
| 17:06 | Build | Farm |
| 17:36 | Create | Villager (Male) |
| 18:00 | Research | Castle Age |
| 18:01 | Research | Castle Age |
| 18:15 | Build | House |
| 18:36 | Create | Villager (Male) |
| 18:45 | Build | Mining Camp |
| 18:50 | Create | Villager (Male) |
| 18:52 | Build | Farm |
| 19:11 | Build | Palisade Wall |
| 19:28 | Build | Palisade Gate |
| 19:31 | Build | House |
| 19:59 | Research | Bloodlines |
| 20:00 | Research | Bloodlines |
| 20:17 | Build | Stable |
| 20:29 | Research | Gold Mining |
| 20:30 | Research | Gold Mining |
| 20:41 | Age | Castle Age |
| 20:45 | Build | Town Center |
| 20:48 | Create | Villager (Male) |
| 21:10 | Research | Bow Saw |
| 21:11 | Research | Bow Saw |
| 21:19 | Build | Farm |
| 21:21 | Build | Farm |
| 21:34 | Research | Horse Collar |
| 21:35 | Research | Horse Collar |
| 21:45 | Create | Knight |
| 22:00 | Build | Farm |
| 22:01 | Build | Farm |
| 22:06 | Create | Villager (Male) |
| 22:07 | Create | Villager (Male) |
| 22:34 | Create | Villager (Male) |
| 22:34 | Create | Villager (Male) |
| 22:46 | Build | Farm |
| 22:48 | Create | Knight |
| 22:49 | Create | Knight |
| 22:57 | Create | Villager (Male) |
| 23:02 | Create | Villager (Male) |
| 23:03 | Create | Villager (Male) |
| 23:11 | Create | Villager (Male) |
| 23:16 | Build | Farm |
| 23:20 | Create | Villager (Male) |
| 23:31 | Create | Villager (Male) |
| 23:33 | Build | Farm |
| 23:36 | Create | Villager (Male) |
| 23:36 | Create | Villager (Male) |
| 23:44 | Create | Knight |
| 24:04 | Create | Villager (Male) |
| 24:08 | Build | Mill |
| 24:09 | Build | Farm |
| 24:10 | Build | Farm |
| 24:16 | Create | Villager (Male) |
| 24:35 | Create | Villager (Male) |
| 24:35 | Create | Villager (Male) |
| 24:37 | Build | Farm |
| 24:38 | Create | Villager (Male) |
| 24:49 | Create | Villager (Male) |
| 24:49 | Create | Villager (Male) |
| 24:57 | Create | Villager (Male) |
| 25:09 | Build | Farm |
| 25:15 | Build | Farm |
| 25:19 | Build | Farm |
| 25:24 | Create | Villager (Male) |
| 25:24 | Create | Villager (Male) |
| 25:36 | Build | Farm |
| 25:44 | Create | Villager (Male) |
| 25:46 | Create | Villager (Male) |
| 25:48 | Build | House |
| 25:49 | Build | House |
| 26:06 | Create | Knight |
| 26:06 | Create | Knight |
| 26:09 | Build | Farm |
| 26:21 | Build | House |
| 26:27 | Create | Villager (Male) |
| 26:27 | Create | Villager (Male) |
| 26:32 | Create | Villager (Male) |
| 26:47 | Create | Villager (Male) |
| 26:47 | Create | Villager (Male) |
| 26:56 | Build | Town Center |
| 26:59 | Create | Villager (Male) |
| 27:00 | Create | Villager (Male) |
| 27:03 | Create | Villager (Male) |
| 27:17 | Create | Villager (Male) |
| 27:19 | Create | Villager (Male) |
| 27:34 | Build | Building 487 |
| 27:36 | Build | House |
| 27:37 | Build | House |
Build order — 打帝国需要戴老花镜
First 150 of 161 actions detected
| 0:13 | Build | Town Center |
| 1:12 | Build | House |
| 1:17 | Build | Dock |
| 2:38 | Create | Villager (Male) |
| 2:39 | Create | Villager (Male) |
| 2:39 | Create | Villager (Male) |
| 2:39 | Create | Villager (Male) |
| 3:39 | Create | Fishing Ship |
| 4:24 | Create | Villager (Male) |
| 4:57 | Research | Loom |
| 5:00 | Create | Fishing Ship |
| 5:16 | Build | House |
| 5:22 | Create | Villager (Male) |
| 5:35 | Create | Villager (Male) |
| 5:35 | Create | Villager (Male) |
| 6:39 | Build | House |
| 7:15 | Create | Villager (Male) |
| 7:16 | Create | Villager (Male) |
| 7:50 | Create | Villager (Male) |
| 7:55 | Create | Fishing Ship |
| 8:05 | Build | House |
| 8:10 | Create | Villager (Male) |
| 8:10 | Create | Villager (Male) |
| 8:43 | Build | Mill |
| 8:53 | Create | Villager (Male) |
| 9:20 | Build | House |
| 9:35 | Create | Villager (Male) |
| 9:49 | Create | Fishing Ship |
| 10:13 | Create | Villager (Male) |
| 10:39 | Research | Feudal Age |
| 11:07 | Build | Mining Camp |
| 11:55 | Build | Dock |
| 12:48 | Create | Villager (Male) |
| 12:49 | Age | Feudal Age |
| 12:57 | Build | Blacksmith |
| 13:27 | Build | Mill |
| 13:31 | Create | Villager (Male) |
| 13:48 | Create | Galley |
| 13:48 | Create | Galley |
| 14:10 | Create | Galley |
| 14:11 | Create | Galley |
| 14:16 | Create | Villager (Male) |
| 14:16 | Create | Villager (Male) |
| 14:16 | Create | Villager (Male) |
| 14:26 | Research | Horse Collar |
| 14:43 | Build | House |
| 14:48 | Create | Galley |
| 14:49 | Create | Galley |
| 14:54 | Research | Wheelbarrow |
| 15:24 | Research | Fletching |
| 15:48 | Create | Unit 2626 |
| 15:52 | Create | Villager (Male) |
| 15:52 | Create | Villager (Male) |
| 16:36 | Create | Fishing Ship |
| 17:25 | Build | Farm |
| 17:26 | Build | Farm |
| 17:27 | Build | Farm |
| 17:29 | Build | Farm |
| 17:31 | Build | Farm |
| 17:49 | Create | Unit 2626 |
| 18:05 | Build | House |
| 18:09 | Research | Town Watch |
| 18:16 | Research | Padded Archer Armor |
| 19:08 | Build | Market |
| 20:46 | Research | Castle Age |
| 20:58 | Create | Galley |
| 20:58 | Create | Galley |
| 21:16 | Build | Barracks |
| 21:22 | Build | Lumber Camp |
| 21:32 | Create | Galley |
| 21:32 | Create | Galley |
| 23:07 | Research | Forging |
| 23:26 | Age | Castle Age |
| 23:39 | Research | War Galley (upgrade) |
| 24:10 | Create | Unit 2626 |
| 24:11 | Create | Unit 2626 |
| 24:25 | Research | Bodkin Arrow |
| 24:39 | Create | Villager (Male) |
| 24:39 | Create | Villager (Male) |
| 24:40 | Research | Double-Bit Axe |
| 25:33 | Build | Farm |
| 25:37 | Create | Fire Lancer |
| 25:37 | Create | Fire Lancer |
| 25:45 | Build | House |
| 25:48 | Research | Hand Cart |
| 26:07 | Build | Town Center |
| 26:29 | Research | Leather Archer Armor |
| 26:48 | Create | Villager (Male) |
| 26:48 | Create | Villager (Male) |
| 27:24 | Build | Town Center |
| 27:32 | Create | Villager (Male) |
| 27:33 | Create | Villager (Male) |
| 27:33 | Create | Villager (Male) |
| 27:49 | Create | Villager (Male) ×5 |
| 27:50 | Create | Villager (Male) |
| 27:52 | Create | Villager (Male) |
| 27:52 | Create | Villager (Male) |
| 27:52 | Create | Villager (Male) |
| 28:39 | Build | Farm |
| 28:40 | Build | Farm |
| 28:41 | Build | Farm |
| 28:43 | Build | Farm |
| 28:46 | Build | Farm |
| 28:58 | Build | House |
| 28:59 | Build | House |
| 29:00 | Build | House |
| 29:03 | Create | Villager (Male) |
| 29:03 | Create | Villager (Male) |
| 29:04 | Create | Villager (Male) |
| 29:24 | Create | Villager (Male) |
| 29:25 | Create | Villager (Male) |
| 29:38 | Build | House |
| 29:39 | Build | House |
| 29:40 | Build | House |
| 30:00 | Build | Mill |
| 30:02 | Research | Iron Casting |
| 30:30 | Build | House |
| 30:31 | Build | House |
| 30:32 | Build | House |
| 30:49 | Research | Coinage |
| 30:52 | Build | Farm |
| 30:57 | Create | Villager (Male) |
| 30:57 | Create | Villager (Male) |
| 31:18 | Research | Scale Barding Armor |
| 31:46 | Create | Villager (Male) ×5 |
| 31:46 | Create | Villager (Male) ×5 |
| 32:05 | Build | Farm |
| 32:07 | Build | Farm |
| 32:10 | Build | Farm |
| 32:11 | Build | Farm |
| 32:34 | Create | Fire Lancer |
| 32:41 | Create | Fire Lancer |
| 32:41 | Create | Fire Lancer |
| 34:06 | Build | Castle |
| 35:08 | Build | Mining Camp |
| 35:32 | Create | Rattan Archer |
| 35:40 | Create | Villager (Male) |
| 35:40 | Create | Villager (Male) |
| 36:09 | Build | Town Center |
| 36:13 | Research | Gold Mining |
| 36:27 | Create | Villager (Male) |
| 36:27 | Create | Villager (Male) |
| 36:39 | Create | Fire Lancer |
| 37:02 | Create | Villager (Male) |
| 37:02 | Create | Villager (Male) |
| 37:19 | Build | Farm |
| 37:21 | Build | Farm |
| 37:23 | Build | Farm |
| 37:24 | Build | Farm |
| 37:26 | Build | Farm |
Match timeline
| 0:54 | Agustinfz_ · wall_segment Palisade Wall x1 |
| 1:17 | 打帝国需要戴老花镜 · first_building Dock |
| 1:32 | 你过来啊 · first_building Dock |
| 2:50 | zzx · first_building Dock |
| 5:38 | Banger · first_building Dock |
| 7:21 | 602406569 · first_building Dock |
| 9:22 | Agustinfz_ · wall_segment Palisade Wall x3 |
| 10:42 | 房东四十 · first_building Dock |
| 11:03 | 你过来啊 · wall_segment Palisade Wall x1 |
| 11:56 | Agustinfz_ · wall_segment Palisade Wall x6 |
| 11:57 | 貌似中山靖王之后 · wall_segment Palisade Wall x1 |
| 12:34 | 貌似中山靖王之后 · first_building Donjon |
| 12:49 | 打帝国需要戴老花镜 · age_up feudal |
| 13:19 | 房东四十 · first_building Barracks |
| 13:31 | 你过来啊 · wall_segment Palisade Wall x1 |
| 14:16 | 貌似中山靖王之后 · age_up feudal |
| 14:18 | Agustinfz_ · age_up feudal |
| 14:22 | 貌似中山靖王之后 · first_building Stable |
| 14:36 | 貌似中山靖王之后 · wall_segment Palisade Wall x1 |
| 15:05 | Agustinfz_ · first_building Barracks |
| 15:08 | Agustinfz_ · wall_segment Palisade Wall x1 |
| 15:24 | 貌似中山靖王之后 · wall_segment Palisade Wall x1 |
| 15:28 | Banger · age_up feudal |
| 15:50 | zzx · age_up feudal |
| 15:53 | 你过来啊 · wall_segment Palisade Wall x1 |
| 16:13 | 貌似中山靖王之后 · wall_segment Palisade Wall x1 |
| 16:19 | 你过来啊 · age_up feudal |
| 16:28 | 602406569 · age_up feudal |
| 16:33 | zzx · wall_segment Stone Wall x11 |
| 16:36 | zzx · wall_segment Stone Wall x9 |
| 17:07 | 房东四十 · age_up feudal |
| 17:08 | 602406569 · first_building Barracks |
| 17:19 | zzx · first_building Barracks |
| 17:23 | Banger · first_building Barracks |
| 17:30 | 房东四十 · first_building Stable |
| 18:25 | Banger · first_building Stable |
| 18:37 | zzx · first_building Stable |
| 18:45 | 602406569 · wall_segment Stone Wall x14 |
| 18:49 | zzx · wall_segment Stone Wall x3 |
| 18:51 | zzx · wall_segment Stone Wall x6 |
| 18:55 | zzx · wall_segment Stone Wall x1 |
| 19:01 | zzx · wall_segment Stone Wall x3 |
| 19:04 | zzx · wall_segment Stone Wall x1 |
| 19:07 | zzx · wall_segment Stone Wall x9 |
| 19:11 | 貌似中山靖王之后 · wall_segment Palisade Wall x10 |
| 19:24 | zzx · wall_segment Stone Wall x8 |
| 19:27 | 602406569 · first_building Archery Range |
| 19:45 | 你过来啊 · first_building Barracks |
| 19:45 | zzx · age_up castle |
| 20:07 | Banger · age_up castle |
| 20:33 | 打帝国需要戴老花镜 · first_market_buy 100 food |
| 20:41 | 貌似中山靖王之后 · age_up castle |
| 21:16 | 打帝国需要戴老花镜 · first_building Barracks |
| 21:59 | zzx · first_building Castle |
| 22:51 | zzx · wall_segment Stone Wall x11 |
| 23:26 | 打帝国需要戴老花镜 · age_up castle |
| 23:36 | 房东四十 · age_up castle |
| 23:54 | 你过来啊 · first_market_buy 100 stone |
| 24:05 | 你过来啊 · first_market_sell 100 wood |
| 25:17 | Banger · first_building Castle |
| 25:33 | 你过来啊 · wall_segment Palisade Wall x1 |
| 26:43 | 你过来啊 · wall_segment Palisade Wall x1 |
| 29:29 | zzx · first_building Krepost |
| 29:38 | 602406569 · age_up castle |
| 29:51 | 602406569 · first_building Castle |
| 30:49 | Agustinfz_ · wall_segment Palisade Wall x18 |
| 31:19 | 房东四十 · first_building Castle |
| 31:24 | Agustinfz_ · wall_segment Palisade Wall x6 |
| 31:33 | zzx · age_up imperial |
| 31:47 | 房东四十 · first_building Monastery |
| 31:52 | 貌似中山靖王之后 · first_building Siege Workshop |
| 31:57 | Agustinfz_ · wall_segment Stone Wall x9 |
| 32:06 | 貌似中山靖王之后 · first_building Monastery |
| 32:59 | Agustinfz_ · wall_segment Stone Wall x6 |
| 33:03 | 打帝国需要戴老花镜 · tribute_sent a jugador 1 |
| 33:03 | 打帝国需要戴老花镜 · tribute_sent a jugador 2 |
| 33:03 | 打帝国需要戴老花镜 · tribute_sent a jugador 3 |
| 33:03 | 打帝国需要戴老花镜 · tribute_sent a jugador 4 |
| 33:03 | 打帝国需要戴老花镜 · tribute_sent a jugador 5 |
| 33:03 | 打帝国需要戴老花镜 · tribute_sent a jugador 6 |
| 33:03 | 打帝国需要戴老花镜 · tribute_sent a jugador 7 |
| 34:06 | Agustinfz_ · wall_segment Palisade Wall x5 |
| 34:06 | 打帝国需要戴老花镜 · first_building Castle |
| 35:23 | Agustinfz_ · first_market_buy 100 food |
| 35:36 | Agustinfz_ · first_market_sell 100 wood |
| 35:56 | 貌似中山靖王之后 · first_market_sell 100 food |
| 36:08 | Banger · first_building Archery Range |
| 36:19 | 房东四十 · age_up imperial |
| 36:47 | 貌似中山靖王之后 · age_up imperial |
| 36:58 | Banger · age_up imperial |
| 37:13 | 你过来啊 · wall_segment Palisade Wall x1 |
| 37:16 | 你过来啊 · wall_segment Palisade Wall x2 |
| 37:20 | zzx · wall_segment Stone Wall x1 |
| 37:22 | 你过来啊 · wall_segment Palisade Wall x1 |
| 37:40 | 你过来啊 · wall_segment Palisade Wall x1 |
| 37:49 | 打帝国需要戴老花镜 · first_building Siege Workshop |
| 38:23 | 打帝国需要戴老花镜 · first_market_sell 100 wood |
| 39:00 | Agustinfz_ · age_up castle |
| 39:16 | Agustinfz_ · first_building Siege Workshop |
| 40:32 | 貌似中山靖王之后 · wall_segment Stone Wall x5 |
| 40:51 | zzx · first_market_buy 100 wood |
| 42:33 | Agustinfz_ · first_building Stable |
| 42:48 | 貌似中山靖王之后 · first_building Castle |
| 43:41 | 你过来啊 · age_up castle |
| 44:09 | 602406569 · age_up imperial |
| 44:55 | zzx · wall_segment Stone Wall x5 |
| 46:50 | Agustinfz_ · first_building Castle |
| 47:54 | 你过来啊 · first_building Castle |
| 47:55 | 貌似中山靖王之后 · resign |
[ AI ANALYSIS · 1 CREDIT ]
What really happened in this match?
Wolo.gg analyzes every decision: build order, eco, micro, common mistakes by bracket. Personalized analysis on WhatsApp or Discord in 30 seconds.
Civ guide
Italians
Map guide
Nomad
Perfil
602406569